 Dungeon Crawl Stone Soup version 0.17-a0-2030-g9ce824c (webtiles) character file.

1573 Ordine the Fighter (level 8, -4/62 HPs)
             Began as an Octopode Fighter on Oct 11, 2015.
             Shot with an arrow by a centaur (13 damage)
             ... on level 5 of the Dungeon.
             The game lasted 00:15:57 (5717 turns).

Ordine the Fighter (Octopode Fighter)               Turns: 5717, Time: 00:15:57

Health: -4/62      AC:  2    Str: 19    XL:     8   Next: 90%
Magic:  8/8        EV: 10    Int: 16    God:
Gold:   262        SH: 10    Dex: 13    Spells: 0 memorised, 7 levels left

rFire  . . .     SeeInvis .     a - +1 long sword
rCold  . . .     Clarity  .     b - +1 shield
rNeg   . . .     SustAt   .     (helmet restricted)
rPois  +         Gourm    .     (no amulet)
rElec  +         Spirit   .     n - -3 ring of intelligence (curse)
rCorr  .         Warding  .     m - +3 ring of intelligence
rMut   .         Stasis   .     l - ring "Aciemus" {rElec rPois Str+4}
MR     .....                    (no ring)
Stlth  ++........               (no ring)
                                (no ring)
                                (no ring)
                                (no ring)

@: brilliant, not resistant to hostile enchantments, unstealthy
A: almost no armour, amphibious, 8 rings, constrict 8, camouflage 1, shaggy fur
1, gelatinous body 1
a: no special abilities


You were on level 5 of the Dungeon.
You were not hungry.

You visited 1 branch of the dungeon, and saw 5 of its levels.

You collected 262 gold pieces.

Inventory:

Hand Weapons
 a - a +1 long sword (weapon)
 x - a +2 dagger of venom
Missiles
 e - 134 stones (quivered)
 o - 7 tomahawks
Armour
 b - a +1 shield (worn)
Jewellery
 l - the ring "Aciemus" (on tentacle) {rElec rPois Str+4}
   (You found it on level 4 of the Dungeon)

   [ring of strength]

   It affects your strength (+4).
   It insulates you from electricity.
   It protects you from poison.
 m - a +3 ring of intelligence (right tentacle)
 n - a cursed -3 ring of intelligence (left tentacle)
Wands
 g - a wand of frost (10)
Scrolls
 i - a scroll of remove curse
 k - a scroll of amnesia
 s - 2 scrolls of teleportation
 u - a scroll of magic mapping
Potions
 c - a potion of might
 p - a potion of magic
 r - 2 potions of brilliance
 t - a potion of haste {unknown}
 A - a potion of cancellation {unknown}
Books
 w - a book of Geomancy

   Spells                             Type                      Level
   a - Sandblast                      Earth                        1
   b - Stoneskin                      Transmutation/Earth          2
   c - Passwall                       Transmutation/Earth          3
   d - Stone Arrow                    Conjuration/Earth            3
   e - Petrify                        Transmutation/Earth          4
   f - Lee's Rapid Deconstruction     Earth                        5
Comestibles
 d - 6 bread rations
 h - 4 royal jellies
 j - a fruit
 q - 3 meat rations
 z - 3 chunks of flesh


   Skills:
 + Level 8.3 Fighting
 + Level 7.9 Long Blades
 - Level 3.0 Dodging
 - Level 3.0 Shields


You had 7 spell levels left.
You didn't know any spells.

Dungeon Overview and Level Annotations

Branches:
Dungeon (5/15)
 Temple: D:4-7

Altars:
Elyvilon
Nemelex Xobeh
Ru


Innate Abilities, Weirdness & Mutations

You cannot wear most types of armour.
You are amphibious.
You can wear up to eight rings at the same time.
You can use your tentacles to constrict eight enemies at once.
Your skin changes colour to match your surroundings (Stealth).
Your rubbery body absorbs attacks (AC +1).
You are covered in fur (AC +1).


Message History

The giant frog barely misses you. You block the giant frog's attack.
The orc wizard closely misses you.
Drink which item? (? for menu, Esc to quit)
You feel better. The giant frog barely misses you.
The orc wizard barely misses you.
You closely miss the orc wizard. You grab the orc wizard.
You squeeze the orc wizard!
You kill the orc wizard!
The giant frog hits you but does no damage.
The giant frog closely misses you.
You slash the giant frog! You grab the giant frog. You squeeze the giant frog.
The giant frog is severely wounded.
You constrict the giant frog. You block the giant frog's attack.
You hit the giant frog. You squeeze the giant frog.
You kill the giant frog!
The centaur wields a shortbow.
The centaur shoots an arrow.
The arrow hits you!
* * * LOW HITPOINT WARNING * * *
Drink which item? (? for menu, Esc to quit)
You feel better.
The centaur shoots an arrow.
The arrow hits you!
You die...

#####...#.###...#..#
##.###.#.####..# #.#
##.#####..# #.#
#........# #.# #####....#
#)# #.#..#
#(########.####
##########...#..........
#.....)@†c...#.####.####
#.##.#####)###.#.......#
#.##.# #)###.#.##.##.#
######{##.#
#...#.#.#...#.# h
##o.<##.##.#
#.#......._....
#.##.###.#o##.#
#.###.#[#...#.# #.o[##
##.....### #.#
#.#.##.##.# ..ho#
#.......###.###.#.......#
##..#
#.............#.####.####


You could see a centaur.

Vanquished Creatures
  The ghost of Adamkad1 the Skirmisher, a novice OgBe of Trog (D:5)
  Duvessa (D:5)
  An orc warrior (D:5)
  A phantom (D:4)
  An ogre (D:5)
  2 centaurs
  A giant frog (D:5)
  Dowan (D:5)
  2 orc priests (D:4)
  A centaur skeleton (D:4)
  Ijyb (D:2)
  A giant frog skeleton (D:4)
  A hound (D:4)
  A worker ant (D:4)
  2 iguanas
  4 orc wizards
  A river rat (D:3)
  3 adders
  3 oozes
  An adder skeleton (D:4)
  2 worms
  6 giant geckos
  11 orcs
  5 bats
  12 giant cockroaches
  5 goblins
  9 hobgoblins
  7 jackals
  8 kobolds
  A quokka (D:4)
  2 ball pythons
  7 giant newts
  11 rats
116 creatures vanquished.

Vanquished Creatures (others)
  A giant cockroach (D:3)
1 creature vanquished.

Grand Total: 117 creatures vanquished

Notes
Turn   | Place    | Note
--------------------------------------------------------------
     0 | D:1      | Ordine the Octopode Fighter began the quest for the Orb.
     0 | D:1      | Reached XP level 1. HP: 16/16 MP: 1/1
   322 | D:1      | Reached XP level 2. HP: 21/21 MP: 2/2
   586 | D:1      | Reached XP level 3. HP: 26/26 MP: 3/3
  1284 | D:2      | Noticed Ijyb
  1300 | D:2      | Killed Ijyb
  1300 | D:2      | Reached skill level 4 in Fighting
  1300 | D:2      | Reached XP level 4. HP: 26/33 MP: 4/4
  1938 | D:2      | Reached XP level 5. HP: 35/38 MP: 5/5
  1943 | D:2      | Found a faded altar to an unknown god.
  2435 | D:3      | Gained mutation: Your natural rate of healing is unusually fast. [potion of mutation]
  2435 | D:3      | Gained mutation: You are covered in fur (AC +1). [potion of mutation]
  2435 | D:3      | Lost mutation: Your natural rate of healing is unusually fast. [potion of mutation]
  2619 | D:3      | Found a white marble altar of Elyvilon.
  2908 | D:3      | Found a sparkling altar of Nemelex Xobeh.
  2936 | D:3      | Found a glowing drain.
  3265 | D:4      | Noticed a phantom
  3475 | D:4      | Killed a phantom
  3475 | D:4      | Reached skill level 5 in Fighting
  3475 | D:4      | Reached XP level 6. HP: 45/45 MP: 6/6
  3671 | D:4      | Noticed a centaur
  3676 | D:4      | Killed a centaur
  3676 | D:4      | Reached skill level 5 in Long Blades
  4064 | D:4      | Reached XP level 7. HP: 46/51 MP: 7/7
  4084 | D:4      | Reached skill level 6 in Fighting
  4582 | D:4      | Got a translucent brass ring
  4583 | D:4      | Identified the ring "Aciemus" {rElec rPois Str+4} (You found it on level 4 of the Dungeon)
  5030 | D:5      | Entered Level 5 of the Dungeon
  5055 | D:5      | Noticed Adamkad1's ghost (novice OgBe)
  5080 | D:5      | Killed Adamkad1's ghost
  5080 | D:5      | Reached skill level 7 in Fighting
  5080 | D:5      | Reached XP level 8. HP: 33/60 MP: 8/8
  5304 | D:5      | Found a sacrificial altar of Ru.
  5339 | D:5      | Noticed Duvessa
  5341 | D:5      | Noticed Dowan
  5347 | D:5      | Killed Duvessa
  5349 | D:5      | Killed Dowan
  5398 | D:5      | Reached skill level 8 in Fighting
  5716 | D:5      | HP: 2/62 [centaur/arrow (13)]
  5717 | D:5      | Shot with an arrow by a centaur

Vault maps used:
D:1:      erik_arrival_gehennom, minmay_misc_feat_pillars
D:2:      ecumenical_altar_2, uniq_iyjb
D:3:      nicolae_overflow_crystal_walls, portal_sewer_entry_a,
          nemelex_altar_shiori
D:4:      first_bread
D:5:      kiku_gazebo_garden_becter, serial_shops, shop_fountains,
          nicolae_ru_sacrificial_ziggurat, uniq_duvessa

Action                   |  1- 3 |  4- 6 |  7- 9 || total
-------------------------+-------+-------+-------++-------
Melee: Long sword        |    71 |   108 |   126 ||   305
Throw: Stone             |     1 |     8 |    13 ||    22
       Tomahawk          |       |     3 |       ||     3
Evoke: Wand              |       |       |     6 ||     6
  Use: Scroll            |       |    15 |     1 ||    16
       Potion            |       |     2 |     5 ||     7
 Stab: Sleeping          |     3 |     6 |       ||     9
  Eat: Chunk             |     1 |     7 |     5 ||    13
       Beef jerky        |       |     1 |       ||     1
       Fruit             |       |       |     1 ||     1
